 Dungeon Crawl Stone Soup version 0.27.0-1-g7a089689b8 (webtiles) character file.

Game seed: 2273869846314056530

21 Malachi the Digger (level 2, -5/24 HPs)
             Began as a Troll Earth Elementalist on Aug 11, 2021.
             Killed from afar by Sigmund (9 damage)
             ... with a puff of flame
             ... on level 2 of the Dungeon.
             The game lasted 00:02:18 (549 turns).

Malachi the Digger (Troll Earth Elementalist)        Turns: 549, Time: 00:02:19

Health: -5/24      AC:  5    Str: 15    XL:     2   Next: 62%
Magic:  1/3        EV: 10    Int: 11    God:
Gold:   6          SH:  0    Dex: 10    Spells: 2/3 levels left

rFire    . . .     SeeInvis .   (no weapon)
rCold    . . .     Faith    .   (no shield)
rNeg     + . .     Spirit   .   b - +0 robe
rPois    .         Reflect  .   (helmet restricted)
rElec    .         Harm     .   j - +0 cloak
rCorr    .         Rampage  .   (gloves unavailable)
Will     .....                  (boots unavailable)
Stlth    +.........             (no amulet)
HPRegen  1.08/turn              e - ring of positive energy
MPRegen  0.08/turn              (no ring)

@: confused
A: large, unfitting armour, claws 3, regeneration 1, shaggy fur 1, tough skin 1
a: no special abilities


You were on level 2 of the Dungeon.
You visited 1 branch of the dungeon, and saw 2 of its levels.

You collected 6 gold pieces.

Inventory:

Missiles
 c - 68 stones
Armour
 b - a +0 robe (worn)
 j - a +0 cloak (worn)
Jewellery
 e - a ring of positive energy (left claw)
Scrolls
 a - a scroll of identify {unknown}
 d - a scroll of noise {unknown}
 g - a scroll of teleportation {unknown}
 i - a scroll of enchant armour {unknown}
Potions
 f - 2 potions of degeneration {unknown}
 h - a potion of berserk rage {unknown}


   Skills:
 + Level 2.0 Dodging
 + Level 1.0 Stealth
 + Level 0.9 Unarmed Combat
 + Level 1.3 Spellcasting
 + Level 0.6 Transmutations
 + Level 3.0 Earth Magic


You had 2 spell levels left.
You knew the following spells:

 Your Spells              Type           Power      Damage    Failure   Level
a - Sandblast             Erth           14%        2d6       9%          1

Your spell library contained the following spells:

 Spells                   Type           Power      Damage    Failure   Level
 Passwall                 Tmut/Erth      3%         N/A       22%         2
 Stone Arrow              Conj/Erth      8%         3d7       45%         3
 Petrify                  Tmut/Erth      4%         N/A       83%         4
 Animate Dead             Necr           0%         N/A       97%         4
 Borgnjor's Vile Clutch   Necr/Erth      2%         N/A       99%         5
 Death Channel            Necr           0%         N/A       100%        6


Dungeon Overview and Level Annotations

Branches:
Dungeon (2/15)

Altars:

Annotations:
D:2 Sigmund


Innate Abilities, Weirdness & Mutations

You are too large for most types of armour.
You have claws for hands.
Your natural rate of healing is unusually fast.
You are covered in fur. (AC +1)
You have tough skin. (AC +1)


Message History

The blast of sand hits Sigmund.
Sigmund is almost dead.
Sigmund gestures at you while chanting.
You are confused.
Sigmund casts a spell at you.
You are more confused.
Sigmund hits you with a +0 scythe!
You scratch Sigmund but do no damage.
Sigmund is almost dead.
Sigmund misses you.
You closely miss Sigmund.
Sigmund is almost dead.
Sigmund hits you with a +0 scythe.
You bump into the rock wall.
Sigmund misses you.
You bump into the rock wall.
Sigmund casts a spell.
Sigmund flickers and vanishes!
Deactivating autopickup; reactivate with Ctrl-A.
You bump into the rock wall.
You hear some strange, mumbled words.
You are more confused.
Something hits you but does no damage.
You bump into the rock wall.
You hear some strange, mumbled words.
Something tries to affect you, but you resist.
Something hits you but does no damage.
A magic dart appears from out of thin air!
The magic dart hits you!
You hear some strange, mumbled words.
You are more confused.
You closely miss something. Something hits you.
Something hits you but does no damage.
You hear some strange, mumbled words.
You are more confused.
Something hits you!
* * * LOW HITPOINT WARNING * * *
You hear some strange, mumbled words.
A puff of flame appears from out of thin air!
The puff of flame hits you!
You die...

....#.##+#....##...
..................#
...................
..................## ..
................... # ...
..................#.#..#.
..###.............#.#....
. #....................
#...#..#####@.#.#.#..
#..........{.........
#........###..#......
#####........###....#.#.#
........................
#######...............#.#
##...#.##...#.#.#.#
#...#.#.#........
######............#...#


There were no monsters in sight!

Vanquished Creatures
  3 goblins (D:1)
  2 hobgoblins (D:1)
  3 jackals (D:1)
  A quokka (D:1)
  2 ball pythons (D:1)
  2 frilled lizards
  3 kobolds (D:1)
  3 rats (D:1)
19 creatures vanquished.

Notes
Turn   | Place    | Note
-------+----------+-------------------------------------------
     0 | D:1      | Malachi the Troll Earth Elementalist began the quest for
                  | the Orb.
     0 | D:1      | Reached XP level 1. HP: 16/16 MP: 1/1
   129 | D:1      | Reached XP level 2. HP: 24/24 MP: 2/2
   132 | D:1      | Reached skill level 3 in Earth Magic
   148 | D:1      | Found a faded altar of an unknown god.
   465 | D:2      | Noticed Sigmund
   549 | D:2      | Killed from afar by Sigmund

Illustrated notes

Levels and vault maps discovered:
D:1:      dpeg_arrival_shelter, layout_rooms,
          hellmonk_ecumenical_altar_heavens_door
D:2:      layout_basic, uniq_sigmund

Skill      XL: |  1  2 |
---------------+-------+-----
Earth Magic    | 3 |  3.0
Dodging        | 2 |  2.0
Stealth        | |  1.0
Unarmed Combat | |  0.9
Spellcasting   | |  1.3
Transmutations | |  0.6

Action                   || total
-------------------------++-------
Melee: Unarmed           ||    79
 Cast: Sandblast         ||     9
Armor: Robe              ||    27
Dodge: Dodged            ||    42
